 Dungeon Crawl Stone Soup version 0.17-a0-2127-g1cb09f6 (webtiles) character file.

55594 Maka the Black Belt (level 14, 0/108 HPs)
             Began as a Demonspawn Transmuter on Oct 22, 2015.
             Was the Champion of Okawaru.
             Slain by a giant leech (14 damage)
             ... on level 8 of the Lair of Beasts.
             The game lasted 00:42:09 (18291 turns).

Maka the Black Belt (Demonspawn Transmuter)        Turns: 18291, Time: 00:42:09

Health: 0/108      AC: 22    Str: 10      XL:     14   Next: 38%
Magic:  23/24      EV: 19    Int: 15 (16) God:    Okawaru [******]
Gold:   878        SH:  9    Dex: 18      Spells: 4 memorised, 16 levels left

rFire  . . .     SeeInvis .       - Unarmed
rCold  + + .     Clarity  +     i - +2 ring mail {rC+}
rNeg   . . .     SustAt   .     M - +2 buckler {rPois}
rPois  +         Gourm    .     (helmet unavailable)
rElec  .         Spirit   .     H - +1 cloak {MR+}
rCorr  .         Warding  .     Q - +3 pair of gauntlets of War {Slay+5}
rMut   .         Stasis   .     L - +2 pair of boots
MR     ++...                    U - amulet of clarity
Stlth  +++.......               k - ring of wizardry
                                j - ring of protection from cold

@: heroism, slowed, very slow, very resistant to hostile enchantments, fairly
stealthy
A: horns 3, rugged brown scales 1, powered by death 1, spiny 2
a: Heroism, Finesse, Renounce Religion


You were on level 8 of the Lair of Beasts.
You worshipped Okawaru.
Okawaru was exalted by your worship.
You were not hungry.

You visited 3 branches of the dungeon, and saw 18 of its levels.
You also visited: Sewer.

You collected 1053 gold pieces.
You spent 175 gold pieces at shops.

Inventory:

Missiles
 a - 180 arrows
 h - 6 poisoned arrows
 l - 7 throwing nets (quivered)
Armour
 i - a +2 ring mail of cold resistance (worn)
 H - a +1 cloak of magic resistance (worn)
 L - a +2 pair of boots (worn)
 M - a +2 buckler of poison resistance (worn)
 Q - the +3 pair of gauntlets of War (worn) {Slay+5}
   (You acquired it on level 2 of the Lair of Beasts)

   It affects your accuracy and damage with ranged weapons and melee attacks
   (+5).
Jewellery
 j - a ring of protection from cold (left hand)
 k - a ring of wizardry (right hand)
 n - an uncursed ring of fire
 z - an uncursed ring of protection from cold
 P - an uncursed ring of wizardry
 T - an uncursed amulet of warding
 U - an amulet of clarity (around neck)
Wands
 o - a wand of polymorph (3)
 p - a wand of paralysis (5)
 D - a wand of cold (9)
 I - a wand of slowing (30)
 K - a wand of draining (10)
 O - a wand of paralysis (20)
 Z - a wand of teleportation (7)
Scrolls
 b - 5 scrolls of remove curse
 e - a scroll of enchant armour
 g - 6 scrolls of teleportation
 u - 3 scrolls of fog
 w - 2 scrolls of magic mapping
 x - a scroll of blinking
 y - 4 scrolls of fear
Potions
 f - 3 potions of flight
 q - 6 potions of curing
 r - a potion of cure mutation
 t - 2 potions of brilliance
 v - a potion of berserk rage
 A - 2 potions of heal wounds
 B - 3 potions of might
 C - 2 potions of magic
 E - a potion of resistance {unknown}
 F - a potion of haste
 N - 3 potions of invisibility
 R - 2 potions of agility
Books
 c - a book of Changes

   Spells                             Type                      Level
   a - Beastly Appendage              Transmutation                1
   b - Sticks to Snakes               Transmutation                2
   c - Spider Form                    Transmutation/Poison         3
   d - Ice Form                       Ice/Transmutation            4
   e - Blade Hands                    Transmutation                5
 J - a book of the Earth

   Spells                             Type                      Level
   a - Leda's Liquefaction            Hexes/Earth                  4
   b - Bolt of Magma                  Conjuration/Fire/Earth       5
   c - Statue Form                    Transmutation/Earth          6
   d - Iron Shot                      Conjuration/Earth            6
   e - Shatter                        Earth                        9
 W - a book of Unlife

   Spells                             Type                      Level
   a - Recall                         Summoning/Translocation      3
   b - Animate Dead                   Necromancy                   4
   c - Control Undead                 Necromancy                   4
   d - Cigotuvi's Embrace             Necromancy                   5
   e - Death Channel                  Necromancy                   6
   f - Simulacrum                     Ice/Necromancy               6
Comestibles
 d - 10 bread rations
 m - 7 meat rations
 s - 12 royal jellies
 S - 12 fruits
 V - a slice of pizza


   Skills:
 - Level 8.0(13.0) Fighting
 + Level 9.8(14.8) Armour
 - Level 8.0(13.0) Dodging
 - Level 4.1(9.1) Shields
 - Level 15.0(20.0) Unarmed Combat
 - Level 7.1 Spellcasting
 - Level 7.0 Transmutations
 - Level 3.0 Invocations


You had 16 spell levels left.
You knew the following spells:

 Your Spells              Type           Power        Failure   Level  Hunger
a - Beastly Appendage     Trmt           ####..       1%          1    None
b - Sticks to Snakes      Trmt           ####......   1%          2    None
c - Spider Form           Trmt/Pois      ###.......   9%          3    ##.....
d - Blade Hands           Trmt           ####......   19%         5    #####..


Dungeon Overview and Level Annotations

Branches:
Dungeon (9/15)             Temple (1/1) D:7            Lair (8/8) D:8
 Shoals (0/4) Lair:5        Snake (0/4) Lair:3        Slime (0/6) Lair:7
    Orc: D:9-12

Altars:
Ashenzari
Cheibriados
Dithmenos
Fedhas
Gozag
Makhleb
Nemelex Xobeh
Okawaru
Ru
Trog
Vehumet
Xom

Shops:
D:7 [   D:8 }

Annotations:
D:9 Psyche
Lair:8 1 runed door


Innate Abilities, Weirdness & Mutations

You have a pair of large horns on your head.
You are partially covered in rugged brown scales (AC +1, +3% HP).
You regenerate a little health from kills.
You are mostly covered in sharp spines.


Message History

You pummel the lindwurm!!
You kill the lindwurm!
Okawaru accepts your kill.
The torpor snail is struck by your spines.
The torpor snail barely misses you. The giant leech bites you!
* * * LOW HITPOINT WARNING * * *
The giant leech draws strength from your injuries!
The giant leech is struck by your spines.
The giant leech bites you!!
* * * LOW HITPOINT WARNING * * *
The giant leech draws strength from your injuries!
The giant leech is struck by your spines.
The giant leech closely misses you.
You closely miss the giant leech.
You headbutt the giant leech, but do no damage.
You block the giant leech's attack.
You pummel the giant leech!!
The giant leech is moderately wounded.
The giant leech bites you!
You die...

## ###### .####
#####....###
....#####.......@ww##
#.....##....P####ww.#
###....#.†#### ##w.#
#.##.†..## ..# ##
#.#...#### ..$#
####.†.P.### ..##
##†...†.######
####....†...## ##
#.#...####...##


You could see 2 giant leeches, a torpor snail and 2 worms.

Vanquished Creatures
  Snorg (Lair:2)
  3 hydras
  Harold (Lair:2)
  A catoblepas (Lair:5)
  6 death yaks
  A lindwurm (Lair:8)
  A griffon (Lair:5)
  Maurice (D:8)
  10 spiny frogs
  2 sirens (Lair:5)
  Joseph (D:8)
  6 elephants (Lair:8)
  4 torpor snails (Lair:8)
  8 black mambas
  3 komodo dragons
  A queen bee (Lair:5)
  The ghost of vible the Cleaver, an amateur HOFi of Trog (D:5)
  A two-headed ogre (D:9)
  2 merfolk (Lair:5)
  2 giant leeches (Lair:8)
  9 polar bears (Lair:8)
  29 blink frogs
  A raiju (Lair:8)
  Sigmund (D:3)
  53 yaks
  4 wraiths (Lair:7)
  2 basilisks
  8 hippogriffs
  A steam dragon (Lair:5)
  Menkaure (D:7)
  29 wolves
  7 wargs (Lair:8)
  Edmund (D:6)
  18 porcupines
  4 hell hounds (Lair:8)
  20 water moccasins
  4 sky beasts
  2 orc warriors
  12 black bears (Lair:8)
  4 wasps (Lair:8)
  A necrophage (D:8)
  A phantom (D:8)
  4 centaurs
  4 ogres
  9 crocodiles
  4 brain worms (Lair:8)
  13 giant frogs
  3 scorpions
  2 quasits
  An electric eel (Lair:7)
  17 killer bees (Lair:5)
  2 orc priests (D:9)
  2 giant frog skeletons
  8 orc wizards
  15 hounds
  2 jellies
  8 iguanas
  7 worker ants
  31 sheep
  Robin (D:2)
  8 gnolls
  3 shadow imps
  11 adders
  27 river rats
  An adder zombie (D:7)
  3 adder skeletons
  18 worms
  2 giant geckos (D:2)
  33 orcs
  5 bats
  3 giant cockroaches
  23 goblins
  13 hobgoblins
  16 jackals
  5 quokkas
  9 ball pythons
  A giant gecko skeleton (D:8)
  A giant gecko zombie (D:4)
  12 giant newts
  A jackal skeleton (D:5)
  12 kobolds
  A quokka zombie (D:5)
  15 rats
  6 fungi
  4 plants
634 creatures vanquished.

Vanquished Creatures (others)
  Josephine (Lair:7)
  17 fungi
  19 plants
37 creatures vanquished.

Grand Total: 671 creatures vanquished

Notes
Turn   | Place    | Note
--------------------------------------------------------------
     0 | D:1      | Maka the Demonspawn Transmuter began the quest for the Orb.
     0 | D:1      | Reached XP level 1. HP: 15/15 MP: 3/3
    60 | D:1      | Reached skill level 3 in Unarmed Combat
   173 | D:1      | Gained mutation: You regenerate a little health from kills. [demonic ancestry]
   173 | D:1      | Reached XP level 2. HP: 21/21 MP: 5/5
   810 | D:2      | Reached XP level 3. HP: 21/26 MP: 4/6
   874 | D:2      | Reached skill level 4 in Unarmed Combat
  1138 | D:2      | Noticed Robin
  1176 | D:2      | Reached XP level 4. HP: 29/32 MP: 7/7
  1474 | D:2      | Learned a level 2 spell: Sticks to Snakes
  1478 | D:2      | Learned a level 3 spell: Spider Form
  1584 | D:2      | Found a faded altar to an unknown god.
  1699 | D:2      | Reached skill level 5 in Unarmed Combat
  1811 | D:2      | Killed Robin
  2183 | D:3      | Noticed Sigmund
  2294 | D:3      | Killed Sigmund
  2294 | D:3      | Gained mutation: You are partially covered in rugged brown scales (AC +1, +3% HP). [demonic ancestry]
  2294 | D:3      | Reached XP level 5. HP: 24/38 MP: 4/8
  2294 | D:3      | Gained mutation: You have a pair of small horns on your head. [demonic ancestry]
  2294 | D:3      | Reached XP level 6. HP: 27/44 MP: 4/9
  2402 | D:3      | Found an iron altar of Okawaru.
  2406 | D:3      | Became a worshipper of Warmaster Okawaru
  2805 | D:3      | Found a burning altar of Makhleb.
  3438 | D:4      | Found a sacrificial altar of Ru.
  3687 | D:4      | Found an opulent altar of Gozag.
  3687 | D:4      | Found a bloodstained altar of Trog.
  3689 | D:4      | Found a shadowy altar of Dithmenos.
  3691 | D:4      | Found a shattered altar of Ashenzari.
  3827 | D:4      | Reached skill level 6 in Unarmed Combat
  4033 | D:4      | Gained mutation: You are partially covered in sharp spines. [demonic ancestry]
  4033 | D:4      | Reached XP level 7. HP: 34/49 MP: 10/10
  4347 | D:5      | Entered Level 5 of the Dungeon
  4434 | D:5      | Found a sparkling altar of Nemelex Xobeh.
  4557 | D:5      | Noticed vible's ghost (amateur HOFi)
  4574 | D:5      | Killed vible's ghost
  4574 | D:5      | Reached * piety under Okawaru
  4574 | D:5      | Reached skill level 7 in Unarmed Combat
  5120 | D:5      | Reached skill level 8 in Unarmed Combat
  5200 | D:6      | Gained mutation: You have a pair of horns on your head. [demonic ancestry]
  5200 | D:6      | Reached XP level 8. HP: 5/55 MP: 11/11
  5324 | D:6      | Noticed Edmund
  5334 | D:6      | Killed Edmund
  5341 | D:6      | Reached skill level 9 in Unarmed Combat
  5416 | D:6      | Reached ** piety under Okawaru
  5542 | D:6      | Found a glowing drain.
  5547 | Sewer    | Entered a sewer
  5946 | D:6      | Reached skill level 5 in Dodging
  6075 | D:6      | Found a blossoming altar of Fedhas.
  6407 | D:7      | Found Onica's Antique Armour Boutique.
  6415 | D:7      | Bought a fine leather armour for 175 gold pieces
  6425 | D:7      | Identified the cursed +1 leather armour "Vimeiq Tequg" {*Contam rCorr Str+4} (You bought it in a shop on level 7 of the Dungeon)
  6657 | D:7      | Gained mutation: You have a pair of large horns on your head. [demonic ancestry]
  6657 | D:7      | Reached XP level 9. HP: 54/60 MP: 12/12
  6741 | D:7      | Found a staircase to the Ecumenical Temple.
  6747 | Temple   | Entered the Ecumenical Temple
  7112 | D:7      | Noticed Menkaure
  7117 | D:7      | Killed Menkaure
  7444 | D:8      | Reached skill level 5 in Armour
  7455 | D:8      | Found Poguroobb's Gadget Shop.
  7490 | D:8      | Noticed Joseph
  7513 | D:8      | Killed Joseph
  7513 | D:8      | Reached *** piety under Okawaru
  8146 | D:8      | Reached XP level 10. HP: 41/66 MP: 11/13
  8182 | D:9      | Found a snail-covered altar of Cheibriados.
  8214 | D:9      | Reached **** piety under Okawaru
  8546 | D:9      | Found a radiant altar of Vehumet.
  8573 | D:9      | Found a shimmering altar of Xom.
  8587 | D:9      | Noticed Psyche
  8738 | D:8      | Found a staircase to the Lair.
  8765 | D:8      | Noticed Maurice
  8785 | D:8      | Killed Maurice
  9089 | D:9      | Reached ***** piety under Okawaru
  9419 | Lair:1   | Entered Level 1 of the Lair of Beasts
  9520 | Lair:1   | Reached skill level 5 in Transmutations
  9963 | Lair:1   | Gained mutation: You are mostly covered in sharp spines. [demonic ancestry]
  9963 | Lair:1   | Reached XP level 11. HP: 25/77 MP: 17/17
 10195 | Lair:1   | Reached skill level 5 in Fighting
 10514 | Lair:2   | Noticed a four-headed hydra
 10525 | Lair:2   | Killed a four-headed hydra
 10525 | Lair:2   | Reached skill level 10 in Unarmed Combat
 10670 | Lair:2   | Reached ****** piety under Okawaru
 10670 | Lair:2   | Received a gift from Okawaru
 10699 | Lair:2   | Identified a scroll of acquirement
 10857 | Lair:2   | Reached skill level 11 in Unarmed Combat
 11333 | Lair:3   | Reached skill level 12 in Unarmed Combat
 11360 | Lair:3   | Noticed Snorg
 11362 | Lair:3   | Reached XP level 12. HP: 58/88 MP: 18/18
 11517 | Lair:2   | Killed Snorg
 11517 | Lair:2   | Received a gift from Okawaru
 11722 | Lair:3   | Noticed Harold
 11731 | Lair:3   | Reached skill level 1 in Shields
 11741 | Lair:2   | Killed Harold
 12108 | Lair:3   | Found a staircase to the Snake Pit.
 12108 | Lair:3   | Noticed a death yak
 12108 | Lair:3   | Noticed a death yak
 12108 | Lair:3   | Noticed a death yak
 12108 | Lair:3   | Noticed a death yak
 12108 | Lair:3   | Noticed a death yak
 12146 | Lair:2   | Killed a death yak
 12306 | Lair:3   | Noticed a death yak
 12325 | Lair:2   | Killed a death yak
 12353 | Lair:2   | Killed a death yak
 12353 | Lair:2   | Reached skill level 13 in Unarmed Combat
 12385 | Lair:2   | Killed a death yak
 12390 | Lair:2   | Killed a death yak
 12434 | Lair:3   | Killed a death yak
 12479 | Lair:3   | Noticed a seven-headed hydra
 12815 | Lair:3   | Killed a seven-headed hydra
 13195 | Lair:4   | Reached skill level 14 in Unarmed Combat
 13319 | Lair:4   | Found a burning altar of Makhleb.
 13716 | Lair:5   | Reached XP level 13. HP: 93/93 MP: 19/19
 13785 | Lair:5   | Noticed a four-headed hydra
 13797 | Lair:5   | Killed a four-headed hydra
 14003 | Lair:5   | Found a staircase to the Shoals.
 14320 | Lair:5   | Received a gift from Okawaru
 14539 | Lair:5   | Reached skill level 15 in Unarmed Combat
 14701 | Lair:5   | Learned a level 5 spell: Blade Hands
 15647 | Lair:6   | Received a gift from Okawaru
 15944 | Lair:6   | Reached skill level 5 in Spellcasting
 16462 | Lair:7   | Noticed Josephine
 16485 | Lair:7   | Killed Josephine
 16538 | Lair:7   | Found a staircase to the Slime Pits.
 17331 | Lair:8   | Entered Level 8 of the Lair of Beasts
 17441 | Lair:8   | Received a gift from Okawaru
 17537 | Lair:8   | Reached XP level 14. HP: 106/108 MP: 23/23
 17939 | Lair:8   | Received a gift from Okawaru
 18120 | Lair:8   | Found a runed door.
 18291 | Lair:8   | Slain by a giant leech

Vault maps used:
D:1:      lightli_arrival_lavapool
D:2:      kennysheep_goblin_castle, ecumenical_altar_2, first_bread,
          corexii_leaking_fountain
D:3:      okawaru_ov_weapons_minmay, makhleb_blood_cavern_becter, uniq_sigmund
D:4:      nicolae_ru_great_annihilating_truth, minitemple
D:5:      lemuel_round_altar
D:6:      fedhas_altar_fruit_tree, gup_sewer_entry_spiral, st_stairs_11,
          uniq_edmund
D:7:      minmay_temple_entry_fiery, serial_shops, shop, uniq_menkaure
D:8:      lair_0_dummy, serial_shops, shop, uniq_maurice, uniq_joseph
D:9:      lemuel_doored_altar, nicolae_overflow_hidden_temple,
          cheibriados_altar_1, hangedman_tree_tricks, uniq_grum, uniq_psyche
Temple:   nicolae_temple_great_sept
Lair:1:   infiniplex_staircase_pool
Lair:2:   grunt_megastairs_5
Lair:3:   minmay_snake_entry_six_corridors, infiniplex_staircase_pool_2,
          serial_bayou_shore_b, uniq_snorg, uniq_harold
Lair:4:   basic_altar
Lair:5:   elwin_shoals_entry_stream, special_room
Lair:6:   grunt_megastairs_4, lemuel_fruit_tree
Lair:7:   dpeg_slime_entry_corner, minmay_holes, nicolae_quartered_pool_little,
          minivault_26, serial_bayou_shore_b, bh_autumn_forest_stairs,
          uniq_josephine
Lair:8:   hangedman_lair_caniforms_friends, wormcave
Sewer:    sewer_co_cracked_pipes

Action                   |  1- 3 |  4- 6 |  7- 9 | 10-12 | 13-15 || total
-------------------------+-------+-------+-------+-------+-------++-------
Melee: Unarmed           |   169 |   318 |   300 |   562 |   754 ||  2103
 Cast: Beastly Appendage |     9 |    10 |     2 |       |       ||    21
       Spider Form       |       |     1 |       |       |       ||     1
       Sticks to Snakes  |       |       |     7 |     1 |       ||     8
Invok: Heroism           |       |       |     1 |     1 |     3 ||     5
Evoke: Wand              |       |       |       |     7 |       ||     7
  Use: Scroll            |     4 |     5 |    11 |    10 |     8 ||    38
       Potion            |       |     3 |     3 |     1 |       ||     7
 Stab: Sleeping          |     1 |     2 |     2 |       |       ||     5
       Paralysed         |       |     2 |       |       |       ||     2
       Distracted        |       |       |     1 |       |       ||     1
  Eat: Chunk             |     1 |     2 |     8 |     7 |     7 ||    25
       Beef jerky        |       |     3 |     1 |       |       ||     4
       Meat ration       |       |     1 |     1 |     1 |       ||     3
       Fruit             |       |       |     1 |     4 |       ||     5
       Royal jelly       |       |       |       |       |     6 ||     6
